 Dungeon Crawl Stone Soup version 0.26.1-11-gd32895ea62 (webtiles) character file.

Game seed: 6482096810930169214

2602 infcreate the Covert (level 9, -1/52 HPs)
             Began as a Vampire Enchanter on May 18, 2021.
             Was a Follower of Dithmenos.
             Slain by a gnoll
             ... wielding a +0 flail
              (12 damage)
             ... on level 8 of the Dungeon.
             The game lasted 00:23:58 (11356 turns).

infcreate the Covert (Vampire Enchanter)           Turns: 11356, Time: 00:23:58

Health: -1/52      AC:  5    Str:  7    XL:     9   Next: 33%
Magic:  16/16      EV: 15    Int: 18    God:    Dithmenos [*.....]
Gold:   455        SH:  5    Dex: 15    Spells: 5/17 levels left

rFire    . . .     SeeInvis +   B - +11 short sword "Amenecka" {drain, rPois rC+++ Dex-2}
rCold    + + +     Faith    .   e - +0 buckler
rNeg     + + +     Spirit   .   b - +0 robe
rPois    ∞         Reflect  .   l - +2 hat
rElec    .         Harm     .   s - +0 cloak
rCorr    .         Rampage  .   (no gloves)
Will     .....                  (no boots)
Stlth    ++++++++++             (no amulet)
HPRegen  0.00/turn              Q - ring of stealth
MPRegen  0.15/turn              q - ring of stealth

@: bloodless, wreathed by umbra
A: fangs 3, see invisible, unbreathing
a: Bat Form, Revivify, Renounce Religion


You were on level 8 of the Dungeon.
You worshipped Dithmenos.
Dithmenos was aware of your devotion.
You visited 2 branches of the dungeon, and saw 9 of its levels.

You collected 455 gold pieces.


Innate Abilities, Weirdness & Mutations

You do not regenerate when monsters are visible.
You are frail without blood (-20% HP).
You can heal yourself when you bite living creatures.
You are immune to poison.
You have razor-sharp teeth.
You have supernaturally acute eyesight. (SInv)
You can survive without breathing.


   Skills:
 + Level 4.1 Fighting
 + Level 5.3 Short Blades
 + Level 5.7 Dodging
 + Level 8.8 Stealth
 - Level 4.0 Shields
 + Level 4.7 Spellcasting
 + Level 8.3 Hexes


You had 5 spell levels left.
You knew the following spells:

 Your Spells              Type           Power        Failure   Level
c - Corona                Hex            37%          1%          1
d - Tukima's Dance        Hex            34%          1%          3
e - Ensorcelled Hibernat  Hex/Ice        38%          3%          2
f - Dazzling Flash        Conj/Hex       38%          8%          3
t - Confusing Touch       Hex            34%          1%          3

Your spell library contained the following spells:

 Spells                   Type           Power        Failure   Level


Inventory:

Hand Weapons
 a - a +3 dagger
 B - the +11 short sword "Amenecka" (weapon) {drain, rPois rC+++ Dex-2}
   (You took it off a kobold on level 4 of the Dungeon)

   A truly terrible weapon, it drains the life of those it strikes.
   It affects your dexterity (-2).
   It renders you almost immune to cold.
   It protects you from poison.
Armour
 b - a +0 robe (worn)
 e - a +0 buckler (worn)
 l - a +2 hat (worn)
 s - a +0 cloak (worn)
Jewellery
 q - a ring of stealth (right hand)
 E - an uncursed ring of flight {unknown}
 Q - a ring of stealth (left hand)
Wands
 g - a wand of acid (7)
 u - a wand of polymorph (6)
 y - a wand of flame (33)
 C - a wand of digging (7)
Scrolls
 c - a scroll of blinking {unknown}
 d - a scroll of fear
 h - 6 scrolls of teleportation {@r4}
 i - 2 scrolls of identify {@r1}
 j - a scroll of fog
 k - 5 scrolls of remove curse {@r2}
 m - a scroll of enchant armour {unknown}
 o - a scroll of magic mapping {unknown}
 r - a scroll of amnesia {unknown}
 D - a scroll of immolation {unknown}
Potions
 f - 4 potions of curing {@q1}
 n - a potion of flight {unknown}
 p - 2 potions of attraction {unknown}
 t - a potion of cancellation {unknown}
 v - 3 potions of mutation
 w - 3 potions of heal wounds {@q2}
 x - a potion of might {unknown}
 z - 2 potions of resistance {unknown}
 A - 2 potions of haste {unknown}

Dungeon Overview and Level Annotations

Branches:
Dungeon (8/15)             Temple (1/1) D:4
   Lair: D:8-11

Altars:
Dithmenos
Elyvilon
Gozag
Hepliaklqana
Okawaru
Ru
Sif Muna
Trog
Uskayaw
Wu Jian
Yredelemnul
The Shining One

Shops:
D:8 [

Annotations:
D:7 2 transporters, Jaiteiro's ghost, novice TrTm

.### # ..# #. #.#
##
#.##.#######...
#...........) )
......##... #.
#...#.#
#.#########..gg@#
#.......ggg..#.##
#.......###.#.>o
##.....†#
#..###)# #....<.#
##..# .. #......#
##.# .. #......#
.. . #..∩...# ###
########


You could see a gnoll sergeant and 4 gnolls.


Message History

You kill the gnoll!
Dithmenos accepts your kill.
The gnoll sergeant hits you from afar with a +0 trident.
The gnoll barely misses you. You block the gnoll's attack.
The gnoll hits you but does no damage. The gnoll misses you.
The gnoll sergeant closely misses you.
A quokka comes into view.
You see here a gnoll corpse.
The gnoll hits you with a +0 club.
* * * LOW HITPOINT WARNING * * *
You block the quokka's attack. You block the gnoll sergeant's attack.
Found a stone staircase leading up.
You miss the quokka. The gnoll closely misses you. x2
The quokka barely misses you.
The gnoll sergeant hits you from afar with a +0 trident.
* * * LOW HITPOINT WARNING * * *
You closely miss the quokka.
The quokka bites you but does no damage.
The gnoll hits you but does no damage. The gnoll hits you with a +0 flail!
* * * LOW HITPOINT WARNING * * *
The gnoll sergeant barely misses you.
You puncture the quokka!
You kill the quokka!
Dithmenos accepts your kill.
An orc wizard comes into view. It is wielding a +0 dagger.
Found a shortbow.
Found a stone staircase leading down.
Found a whip.
There is a stone staircase leading up here.
The gnoll hits you with a +0 flail!
You die...

Skill      XL: |  1  2  3  4  5  6  7  8  9 |
---------------+----------------------------+-----
Fighting       | 1 2 3 4 |  4.1
Stealth        | 5 6 7 8 |  8.8
Shields        | 1 2 3 4 |  4.0
Hexes          | 5 6 7 8 |  8.3
Short Blades   | 2 3 4 5 |  5.3
Dodging        | 3 4 5 |  5.7
Spellcasting   | 3 4 |  4.7

Action                   |  1- 3 |  4- 6 |  7- 9 || total
-------------------------+-------+-------+-------++-------
Melee: Dagger            |   118 |   143 |   222 ||   483
       Bite              |    10 |    17 |    27 ||    54
       Short sword       |       |       |    21 ||    21
 Cast: Corona            |    17 |     3 |     1 ||    21
       Ensorcelled Hiber |    33 |    42 |    44 ||   119
       Confusing Touch   |     3 |     6 |    14 ||    23
       Tukima's Dance    |       |     4 |     4 ||     8
 Abil: Exsanguinate      |     1 |       |       ||     1
  Use: Scroll            |     1 |     1 |     8 ||    10
 Stab: Sleeping          |    23 |    22 |    42 ||    87
       Confused          |     1 |     6 |    12 ||    19
       Distracted        |       |     2 |       ||     2
Armor: Robe              |    20 |    13 |    26 ||    59
Dodge: Dodged            |    62 |    82 |   121 ||   265
Block: Buckler           |    19 |    16 |    39 ||    74

Levels and vault maps discovered:
D:1:      nzn_arrival_water_spiral, layout_basic
D:2:      minmay_spotlight, layout_basic, yredelemnul_altar_generic,
          kennysheep_generic_room_2
D:3:      layout_basic, overflow_temple_1_default, okawaru_trees_1,
          uniq_terence, uniq_crazy_yiuf_cottage, uniq_robin
D:4:      layout_basic, temple_green, gammafunk_ghost_nasty_kobolds,
          grunt_gozag_statues, uniq_pikel, uniq_edmund
D:5:      layout_basic
D:6:      layout_basic, old_standard_altar, uniq_menkaure, uniq_sigmund
D:7:      layout_layer_cave, gammafunk_ghost_arena
D:8:      layout_rooms, grunt_temple_overflow_forces_of_nature, zin_purify,
          lemuel_crystal_altar, kennysheep_little_box, nemelex_altar_shiori,
          kennysheep_mini, serial_shops, shop
Temple:   minmay_temple_forest_path

Notes
Turn   | Place    | Note
-------+----------+-------------------------------------------
     0 | D:1      | infcreate the Vampire Enchanter began the quest for the
                  | Orb.
     0 | D:1      | Reached XP level 1. HP: 13/13 MP: 3/3
   436 | D:1      | Reached XP level 2. HP: 3/16 MP: 3/5
   722 | D:1      | Learned a level 2 spell: Ensorcelled Hibernation
  2240 | D:2      | Reached XP level 3. HP: 20/20 MP: 3/6
  2278 | D:1      | HP: 2/20 [kobold/+0 club (6)]
  2645 | D:2      | Found a basalt altar of Yredelemnul.
  2786 | D:1      | Learned a level 3 spell: Confusing Touch
  3606 | D:2      | Reached skill level 1 in Fighting
  3606 | D:2      | Reached skill level 5 in Stealth
  3606 | D:2      | Reached XP level 4. HP: 25/25 MP: 2/7
  3714 | D:2      | Reached skill level 1 in Shields
  4097 | D:3      | Found an iron altar of Okawaru.
  4105 | D:3      | Reached skill level 5 in Hexes
  4226 | D:3      | Noticed Robin
  4261 | D:3      | Noticed an ogre
  4544 | D:3      | Killed Robin
  4545 | D:3      | Reached skill level 2 in Short Blades
  5069 | D:3      | Noticed Terence
  5283 | D:3      | Reached skill level 3 in Dodging
  5283 | D:3      | Reached XP level 5. HP: 29/29 MP: 5/8
  5287 | D:3      | Learned a level 3 spell: Tukima's Dance
  5423 | D:3      | Killed Terence
  5609 | D:3      | Found a hide-covered altar of Uskayaw.
  5645 | D:3      | Found a runed translucent door.
  5646 | D:3      | Noticed Crazy Yiuf
  5684 | D:3      | Killed Crazy Yiuf
  6043 | D:4      | Noticed Pikel
  6043 | D:4      | Noticed a lemure
  6043 | D:4      | Noticed a lemure
  6043 | D:4      | Noticed a lemure
  6045 | D:4      | Noticed a lemure
  6121 | D:3      | Killed Pikel
  6122 | D:3      | Reached skill level 2 in Fighting
  6122 | D:3      | Reached skill level 3 in Short Blades
  6122 | D:3      | Reached skill level 6 in Stealth
  6122 | D:3      | Reached skill level 2 in Shields
  6122 | D:3      | Reached skill level 3 in Spellcasting
  6122 | D:3      | Reached skill level 6 in Hexes
  6122 | D:3      | Reached XP level 6. HP: 32/35 MP: 1/10
  6122 | D:3      | Reached XP level 7. HP: 37/40 MP: 1/11
  6253 | D:3      | Reached skill level 4 in Dodging
  6337 | D:4      | Found an opulent altar of Gozag.
  6579 | D:4      | Found a staircase to the Ecumenical Temple.
  6589 | Temple   | Entered the Ecumenical Temple
  6815 | Temple   | Became a worshipper of Dithmenos the Shadowed
  7277 | D:4      | Reached skill level 7 in Stealth
  7449 | D:4      | Found a runed translucent gate.
  7449 | D:4      | Found a runed translucent gate.
  7449 | D:4      | Found a runed translucent gate.
  7457 | D:4      | Reached XP level 8. HP: 45/45 MP: 13/13
  7463 | D:4      | Noticed Darold's ghost (amateur DrTm)
  7464 | D:4      | Identified the +11 short sword "Amenecka" {drain, rPois
                  | rC+++ Dex-2}
  7504 | D:4      | Noticed Edmund
  7524 | D:4      | Killed Edmund
  7525 | D:4      | Reached skill level 3 in Shields
  7732 | D:4      | Reached skill level 3 in Fighting
  7732 | D:4      | Reached skill level 7 in Hexes
  7775 | D:5      | Entered Level 5 of the Dungeon
  7811 | D:5      | Reached skill level 4 in Short Blades
  7932 | D:5      | Learned a level 3 spell: Dazzling Flash
  8097 | D:5      | Reached skill level 4 in Spellcasting
  8574 | D:5      | Reached * piety under Dithmenos
  8871 | D:6      | Noticed Sigmund
  8952 | D:6      | Reached skill level 5 in Dodging
  9104 | D:6      | Noticed Menkaure
  9146 | D:5      | Killed Menkaure
  9147 | D:5      | Reached skill level 8 in Stealth
  9233 | D:5      | Killed Sigmund
  9234 | D:5      | Reached XP level 9. HP: 27/52 MP: 8/15
  9703 | D:6      | Found a bloodstained altar of Trog.
  9927 | D:7      | Found a transporter.
  9935 | D:7      | Noticed a deep elf mage
  9935 | D:7      | Noticed Jaiteiro's ghost (novice TrTm)
 10076 | D:4      | Killed Darold's ghost
 10077 | D:4      | Reached skill level 5 in Short Blades
 10077 | D:4      | Reached skill level 8 in Hexes
 10313 | D:7      | Reached skill level 4 in Shields
 10345 | D:7      | Reached skill level 4 in Fighting
 10743 | D:7      | Found a transporter.
 11335 | D:8      | Found Byv Miem's Armour Boutique.
 11356 | D:8      | Slain by a gnoll

Vanquished Creatures
  Pikel (D:3)
  The ghost of Darold the Changer, an amateur DrTm (D:4)
  Sigmund (D:5)
  Menkaure (D:5)
  An orc warrior (D:6)
  A sky beast (D:5)
  A black bear (D:4)
  An ice beast (D:7)
  3 ogres
  2 bullfrogs
  2 scorpions
  5 hounds
  A centaur skeleton (D:4)
  4 orc wizards
  An iguana (D:4)
  Terence (D:3)
  4 worker ants
  Robin (D:3)
  A howler monkey zombie (D:6)
  2 worker ant zombies (D:5)
  A gnoll (D:8)
  7 adders
  A shadow imp (D:6)
  3 oozes
  2 adder skeletons (D:4)
  4 worms
  A dart slug (D:2)
  2 leopard geckos
  22 orcs
  4 giant cockroaches
  17 goblins
  5 hobgoblins
  10 jackals
  5 quokkas
  10 bats
  5 frilled lizards
  18 kobolds
  A leopard gecko zombie (D:7)
  5 rats
158 creatures vanquished.

Vanquished Creatures (collateral kills)
  Edmund (D:4)
  Crazy Yiuf (D:3)
2 creatures vanquished.

Vanquished Creatures (others)
  2 dancing weapons (D:3)
2 creatures vanquished.

Grand Total: 162 creatures vanquished

Table legend: (Time is in decaauts)
 A = Elapsed time spent in this place.
 B = Non-inter-level travel time spent in this place.
 C = Inter-level travel time spent in this place.
 D = Time resting spent in this place.
 E = Time spent auto-exploring this place.
 F = Levels seen in this place.
 G = Mean time per level.
                   A        B        C        D        E       F      G
               +--------+--------+--------+--------+--------+-----+--------+
         Total |  11310 |  10623 |    687 |   1575 |   6954 |   9 | 1256.7 |
       Dungeon |  11056 |  10433 |    623 |   1575 |   6768 |   8 | 1382.0 |
        Temple |    253 |    189 |     64 |      0 |    186 |   1 |  253.0 |
               +--------+--------+--------+--------+--------+-----+--------+

Top non-repeatable levels by time:
     D:1: 2600 daAuts
     D:3: 1884 daAuts
     D:4: 1772 daAuts
     D:2: 1666 daAuts
     D:5: 1199 daAuts
     D:7: 1115 daAuts
     D:6: 797 daAuts
  Temple: 253 daAuts
     D:8: 19 daAuts

Table legend:
 A = Non-vault XP
 B = Vault XP
 C = Vault XP percentage of total XP
 D = Non-vault monster count
 E = Vault monster count
 F = Vault count percentage of total count
                 A         B        C        D         E       F
            +---------+---------+-------+---------+---------+-------
      Total |    2130 |    1588 |  42.7 |     124 |      36 |  22.5
            +---------+---------+-------+---------+---------+-------
        D:1 |      39 |       0 |   0.0 |      19 |       0 |   0.0
        D:2 |      48 |      29 |  37.7 |      13 |      11 |  45.8
        D:3 |     160 |     713 |  81.7 |      22 |      13 |  37.1
        D:4 |     527 |     436 |  45.3 |      29 |      10 |  25.6
        D:5 |     548 |     410 |  42.8 |      22 |       2 |   8.3
        D:6 |     305 |       0 |   0.0 |       9 |       0 |   0.0
        D:7 |     486 |       0 |   0.0 |       8 |       0 |   0.0
        D:8 |      17 |       0 |   0.0 |       2 |       0 |   0.0
            +---------+---------+-------+---------+---------+-------
